 Dungeon Crawl Stone Soup version 0.19-a0-665-g79b24d5 (webtiles) character file.

49136 Aksej the Executioner (level 14, -3/114 HPs)
             Began as a Hill Orc Fighter on June 16, 2016.
             Was a High Priest of Beogh.
             Killed by divine providence
             ... invoked by an orc high priest
              (10 damage)
             ... on level 2 of the Orcish Mines.
             The game lasted 00:47:59 (15906 turns).

Aksej the Executioner (Hill Orc Fighter)           Turns: 15906, Time: 00:48:00

Health: -3/114     AC: 24    Str: 28    XL:     14   Next: 49%
Magic:  14/14      EV: 19    Int:  8    God:    Beogh [*****.]
Gold:   1468       SH:  3    Dex: 10    Spells: 0 memorised, 13 levels left

rFire  x . .     SeeInvis .     a - +4 war axe
rCold  + + .     Gourm    .     t - +0 ice dragon armour
rNeg   . . .     Faith    .     (no shield)
rPois  +         Spirit   .     (helmet restricted)
rElec  +         Dismiss  .     r - +2 cloak {rPois}
rCorr  .         Reflect  +     C - +2 pair of gloves
SustAt .         Harm     .     (no boots)
MR     +....                    S - +3 amulet of reflection
Stlth  +.........               d - +5 ring of evasion
                                g - +4 ring of strength

@: somewhat resistant to hostile enchantments, very unstealthy
A: walk on water, antennae 1, yellow scales 1, blurry vision 1, frail 1, poison
resistance, screaming 1, electricity resistance, sturdy frame 2
a: Smiting, Recall Orcish Followers, Give Item to Named Follower, Renounce
Religion


You were on level 2 of the Orcish Mines.
You worshipped Beogh.
Beogh was extremely pleased with you.
You were very hungry.

You visited 2 branches of the dungeon, and saw 17 of its levels.
You also visited: Sewer.

You collected 1637 gold pieces.
You spent 169 gold pieces at shops.

Inventory:

Hand Weapons
 a - a +4 war axe (weapon)
Missiles
 m - 25 tomahawks (quivered)
 N - 2 javelins
Armour
 r - a +2 cloak of poison resistance (worn)
 t - a +0 ice dragon armour (worn)
 C - a +2 pair of gloves (worn)
Jewellery
 d - a +5 ring of evasion (right hand)
 g - a +4 ring of strength (left hand)
 l - a +2 ring of dexterity
 S - a +3 amulet of reflection (around neck)
Wands
 c - a wand of paralysis (8/24)
 e - a wand of iceblast (3/15)
 n - a wand of acid (6/15)
 u - a wand of lightning (9/15)
 v - a wand of iceblast (12/15)
 w - a wand of paralysis (9/24)
 D - a wand of disintegration (5/24)
 F - a wand of disintegration (12/24)
 G - a wand of slowing (24/48)
 H - a wand of teleportation (5/9)
 I - a wand of flame (39/48)
 J - a wand of iceblast (12/15)
 M - a wand of slowing (16/48)
 O - a wand of digging (8/24)
 P - a wand of digging (11/24)
Scrolls
 b - 5 scrolls of remove curse
 q - 7 scrolls of blinking
 s - 3 scrolls of magic mapping
 x - 5 scrolls of recharging
 y - a scroll of fear
 A - a scroll of fog
 B - 5 scrolls of teleportation
Potions
 j - 2 potions of cure mutation
 p - a potion of might
 K - 2 potions of magic
 L - a potion of berserk rage
 Q - a potion of brilliance
Comestibles
 f - 7 bread rations
 h - 12 beef jerkies
 i - 7 meat rations
 k - 3 slices of pizza
 z - 5 royal jellies
 E - 3 fruits


   Skills:
 + Level 12.9 Fighting
 * Level 21.6 Axes
 + Level 10.9 Armour
 + Level 6.8 Dodging
 + Level 3.0 Stealth
   Level 3.2 Shields
 + Level 0.6 Invocations


You had 13 spell levels left.
You didn't know any spells.

Dungeon Overview and Level Annotations

Branches:
Dungeon (15/15)            Temple (0/1) D:4            Lair (0/6) D:9
    Orc (2/2) D:12            Elf (0/3) Orc:2        Vaults (0/5) D:14
 Depths (0/5) D:15

Altars:
Ashenzari
Elyvilon
Fedhas
Gozag
Hepliaklqana
Makhleb
Okawaru
Pakellas
Qazlal
Ru
The Shining One

Shops:
D:5 (   D:6 %   D:9 [   D:11 ?   Orc:2 %(:


Innate Abilities, Weirdness & Mutations

You can walk on water.
You have a pair of small antennae on your head.
You are partially covered in yellow scales. (AC +2)
Scrolls take you a little longer to read.
You are frail. (-10% HP)
Your system is resistant to poisons. (rPois)
You occasionally shout uncontrollably at your foes.
You are resistant to electric shocks. (rElec)
Your movements are less encumbered by armour. (ER -4)


Message History

The ufetubus is smitten.
The ufetubus dies!
The ynoxinul gestures.
You swap places.
The ynoxinul disappears in a puff of smoke!
The ufetubus disappears in a puff of smoke! x2
Your orc priest no longer looks unusually strong.
Berold roars a battlecry!
Your orcs go into a battle-frenzy!
Your orc priest calls upon Beogh to heal Berold.
Berold is healed somewhat.
You swap places.
Berold roars a battlecry!
Your orc no longer looks unusually strong.
Your orc barely misses the orc high priest.
Your orc hits the orc high priest with a dagger.
The orc high priest invokes the aid of Beogh against you.
Beogh smites you!
You die...
Beogh appreciates the orc high priest's killing of a heretic priest.

ooo...#................#.##
.......)..................#
.#.......................##
).#.......................#
.#.#.....##..............##
.........#.............###
##.#................#.##
#.#..............o..###
................@o...#
............#..oooo.########
...........#.#..o...........
...o...........o..##########
#..............o.##.......
##..o.........oo##.......
##...........oo#......##
#####o..#.#.....#..3o...#
..#.oo.......#..#..oo.#


You could see an orc high priest, the friendly Berold the orc warlord, 2
friendly orc warriors, a friendly orc priest and 8 friendly orcs.

Vanquished Creatures
  Donald (D:14)
  Maud (D:13)
  Nessos (D:15)
  An ettin (D:15)
  A yaktaur captain (D:14)
  A hydra (D:15)
  4 centaur warriors
  2 tengu warriors (D:15)
  A hell hog (shapeshifter) (D:14)
  3 unseen horrors
  A flayed ghost (D:14)
  4 hill giants
  The ghost of Mulkerokala the Summoner, a novice DrSu of Zin (D:7)
  2 manticores
  2 ugly things (D:14)
  A wolf spider zombie (D:15)
  An orc sorcerer (Orc:1)
  A deep elf mage (D:14)
  A centaur zombie (D:15)
  A gargoyle (D:15)
  A kobold demonologist (D:13)
  A freezing wraith (D:15)
  A queen bee (D:14)
  5 trolls
  A tengu conjurer (D:15)
  A harpy skeleton (D:14)
  A meliai (D:14)
  4 two-headed ogres
  4 slime creatures (D:11)
  2 shadows
  A wyvern (D:15)
  7 yaks
  A vampire (D:14)
  4 wraiths
  2 hippogriffs
  12 humans (D:14)
  A hungry ghost (D:8)
  2 vampire mosquitoes (D:14)
  A water moccasin (D:12)
  6 orc warriors
  Purgy (Sewer)
  An eye of draining (D:14)
  2 wasps
  7 ice beasts
  5 sky beasts
  A black bear (D:10)
  3 ogres
  A phantom (D:14)
  13 centaurs
  A big kobold (D:11)
  2 crocodiles
  6 giant frogs
  2 gnoll sergeants
  4 scorpions
  27 killer bees
  A howler monkey (D:6)
  3 wights (D:13)
  A giant frog zombie (D:10)
  4 crimson imps
  2 quasits
  2 jellies
  Crazy Yiuf (D:3)
  9 hounds
  6 orc priests
  8 centaur skeletons
  3 giant frog skeletons
  11 orc wizards
  Ijyb (D:3)
  Terence (D:2)
  5 iguanas
  6 worker ants
  A hound zombie (D:8)
  A worker ant zombie (D:9)
  15 gnolls
  9 adders
  A river rat (D:4)
  6 shadow imps
  An adder zombie (D:9)
  2 oozes
  An adder skeleton (D:4)
  5 worms
  5 dart slugs
  6 giant geckos
  28 orcs
  8 bats
  5 giant cockroaches
  5 goblins
  8 hobgoblins
  7 jackals
  20 kobolds
  2 quokkas
  2 ball pythons (D:4)
  4 giant newts
  A quokka skeleton (D:9)
  11 rats
383 creatures vanquished.

Vanquished Creatures (collateral kills)
  Rupert (D:13)
  An ettin (D:14)
  Josephine (D:11)
  Snorg (D:11)
  The ghost of Aksej the Carver, a journeyman DsGl (D:13)
  The ghost of Aksej the Cleaver, a journeyman DsGl of Hepliaklqana (D:11)
  Erica (Orc:1)
  A hydra (D:12)
  A centaur warrior (D:14)
  2 tengu warriors (D:15)
  An orc high priest (Orc:2)
  An unseen horror (D:14)
  A deep troll (D:15)
  4 hill giants
  2 ugly things (D:14)
  3 cyclopes
  A gargoyle (D:12)
  3 centaur skeletons (D:14)
  2 centaur zombies
  A kobold demonologist (D:14)
  A komodo dragon (D:12)
  3 trolls
  2 meliai (D:14)
  A hornet zombie (D:14)
  2 shadows (D:14)
  3 humans (D:14)
  3 wraiths (D:11)
  2 hippogriffs
  A vampire mosquito (D:14)
  A mottled dragon (D:14)
  An orc warrior (Orc:2)
  2 ice beasts
  2 ogres
  A sky beast (D:15)
  2 phantoms
  2 centaurs
  2 big kobolds
  2 giant frogs
  A scorpion (D:10)
  11 killer bees (D:14)
  A wight (D:13)
  A howler monkey (D:11)
  3 crimson imps
  2 hounds
  6 orc priests
  3 orc wizards
  2 worker ants
  2 worker ant zombies (D:11)
  An adder (D:10)
  A gnoll (D:10)
  A shadow imp (D:14)
  An adder skeleton (D:9)
  5 orcs
  A quokka (D:11)
  2 kobolds (D:12)
107 creatures vanquished.

Vanquished Creatures (others)
  2 orc knights (D:14)
  An orc sorcerer (Orc:2)
  11 orc warriors
  A killer bee (D:14)
  15 orc priests
  A wasp (D:2)
  13 orc wizards
  19 orcs
  2 butterflies (D:4)
  2 plants (D:14)
67 creatures vanquished.

Grand Total: 557 creatures vanquished

Notes
Turn   | Place    | Note
--------------------------------------------------------------
     0 | D:1      | Aksej the Hill Orc Fighter began the quest for the Orb.
     0 | D:1      | Reached XP level 1. HP: 19/19 MP: 1/1
   214 | D:1      | Reached skill level 3 in Axes
   238 | D:1      | Reached XP level 2. HP: 27/27 MP: 2/2
   672 | D:1      | Reached XP level 3. HP: 33/33 MP: 3/3
  1273 | D:2      | Reached skill level 4 in Axes
  1325 | D:2      | Noticed Terence
  1333 | D:2      | Killed Terence
  1333 | D:2      | Reached skill level 1 in Dodging
  1333 | D:2      | Reached XP level 4. HP: 18/40 MP: 4/4
  1978 | D:2      | Found an oddly glowing altar of Pakellas.
  1978 | D:2      | Noticed an orange crystal statue
  1979 | D:2      | Noticed a wasp
  1986 | D:2      | Killed a wasp
  2238 | D:3      | Reached XP level 5. HP: 44/47 MP: 5/5
  2401 | D:3      | Noticed Ijyb
  2440 | D:3      | Killed Ijyb
  2533 | D:3      | Noticed Crazy Yiuf
  2546 | D:3      | Killed Crazy Yiuf
  2871 | D:3      | Noticed a water elemental
  2872 | D:3      | Found a stormy altar of Qazlal.
  2873 | D:3      | Noticed an air elemental
  2877 | D:3      | Noticed a fire elemental
  2911 | D:3      | Reached skill level 5 in Axes
  3083 | D:3      | Found an iron altar of Okawaru.
  3207 | D:4      | Reached XP level 6. HP: 31/53 MP: 6/6
  3236 | D:4      | Found a glowing drain.
  3329 | Sewer    | Entered a sewer
  3341 | Sewer    | Noticed Purgy
  3351 | Sewer    | Killed Purgy
  3351 | Sewer    | Reached skill level 5 in Armour
  3362 | Sewer    | Identified a scroll of acquirement
  3477 | Sewer    | Reached skill level 6 in Axes
  3497 | Sewer    | Gained mutation: You have sharp fingernails. [potion of mutation]
  3497 | Sewer    | Gained mutation: You can translocate small distances at will. [potion of mutation]
  3497 | Sewer    | Gained mutation: Your muscles are strong. (Str +2) [potion of mutation]
  3599 | D:4      | Found a shattered altar of Ashenzari.
  3601 | D:4      | Found an opulent altar of Gozag.
  3609 | D:4      | Reached skill level 5 in Fighting
  3660 | D:4      | Found a burning altar of Makhleb.
  3710 | D:4      | Noticed Blork the orc
  3717 | D:4      | Became a worshipper of Beogh the Brigand
  3742 | D:4      | Reached XP level 7. HP: 33/61 MP: 7/7
  3766 | D:4      | Found a staircase to the Ecumenical Temple.
  3842 | D:4      | Gained mutation: You have sharp toenails. [potion of mutation]
  3842 | D:4      | Gained mutation: You are occasionally teleported next to monsters. [potion of mutation]
  3849 | D:4      | Found a glowing golden altar of the Shining One.
  3849 | D:4      | Found a blossoming altar of Fedhas.
  4140 | D:5      | Entered Level 5 of the Dungeon
  4286 | D:5      | Reached skill level 7 in Axes
  4454 | D:5      | Found Ijiot's Antique Weapon Shop.
  4524 | D:5      | Reached * piety under Beogh
  4662 | D:5      | Lost mutation: You can translocate small distances at will. [potion of cure mutation]
  4662 | D:5      | Lost mutation: Your muscles are strong. (Str +2) [potion of cure mutation]
  4662 | D:5      | Lost mutation: You have sharp toenails. [potion of cure mutation]
  4679 | D:5      | Reached skill level 8 in Axes
  4691 | D:5      | Reached XP level 8. HP: 52/70 MP: 8/8
  4939 | D:6      | Found Tunaegg's Food Emporium.
  5247 | D:6      | Reached skill level 9 in Axes
  5358 | D:6      | Found a glowing golden altar of the Shining One.
  5778 | D:7      | Reached skill level 10 in Axes
  5853 | D:7      | Noticed Mulkerokala's ghost (novice DrSu)
  5863 | D:7      | Killed Mulkerokala's ghost
  5863 | D:7      | Reached XP level 9. HP: 79/79 MP: 9/9
  5875 | D:7      | Found a white marble altar of Elyvilon.
  5975 | D:8      | Reached skill level 11 in Axes
  6062 | D:8      | Reached ** piety under Beogh
  6176 | D:8      | Gained mutation: You have an increased reservoir of magic. (+10% MP) [mutagenic meat]
  6180 | D:8      | Gained mutation: You are partially covered in iridescent scales. (AC +4) [mutagenic meat]
  6181 | D:8      | Lost mutation: You are partially covered in iridescent scales. (AC +4) [mutagenic meat]
  6182 | D:8      | Gained mutation: You are dopey. (Int -2) [mutagenic meat]
  6183 | D:8      | Gained mutation: You are partially covered in slimy green scales. (AC +2) [mutagenic meat]
  6184 | D:8      | Lost mutation: You have sharp fingernails. [mutagenic meat]
  6203 | D:8      | Found a hazy altar of Hepliaklqana.
  6287 | D:8      | Noticed a two-headed ogre
  6291 | D:8      | Killed a two-headed ogre
  6339 | D:8      | Reached skill level 12 in Axes
  6814 | D:9      | Noticed a troll
  6824 | D:9      | Killed a troll
  6824 | D:9      | Reached XP level 10. HP: 66/89 MP: 11/11
  6897 | D:9      | Reached skill level 13 in Axes
  6976 | D:9      | Found Tatyd's Armour Emporium.
  7064 | D:9      | Reached *** piety under Beogh
  7470 | D:9      | Found a staircase to the Lair.
  7611 | D:10     | Entered Level 10 of the Dungeon
  8047 | D:10     | Gained Berold as an ally
  8629 | D:11     | Noticed Aksej's ghost (journeyman DsGl)
  8648 | D:11     | Killed Aksej's ghost
  8648 | D:11     | Reached skill level 14 in Axes
  8648 | D:11     | Reached skill level 1 in Stealth
  8709 | D:11     | Found Yla Tieri's Magic Scroll Shop.
  8719 | D:11     | Bought a scroll of identify for 26 gold pieces
  8719 | D:11     | Bought a scroll of identify for 26 gold pieces
  8719 | D:11     | Bought a scroll of identify for 26 gold pieces
  8719 | D:11     | Bought a scroll of identify for 26 gold pieces
  8719 | D:11     | Bought a scroll of identify for 26 gold pieces
  8719 | D:11     | Bought a scroll of teleportation for 39 gold pieces
  8914 | D:11     | Noticed a hill giant
  8922 | D:11     | Killed a hill giant
  8934 | D:11     | Noticed Josephine
  8950 | D:11     | Killed Josephine
  8950 | D:11     | Reached skill level 15 in Axes
  8950 | D:11     | Reached XP level 11. HP: 57/97 MP: 12/12
  9247 | D:11     | Reached **** piety under Beogh
  9263 | D:11     | Noticed Snorg
  9273 | D:11     | Killed Snorg
  9273 | D:11     | Gained Ugbert as an ally
  9373 | D:11     | Noticed a cyclops
  9374 | D:11     | Killed a cyclops
  9540 | D:11     | Killed an unseen horror
  9705 | D:12     | Noticed a manticore
  9709 | D:12     | Killed a manticore
  9778 | D:12     | Reached skill level 16 in Axes
  9801 | D:12     | Noticed a hill giant
  9807 | D:12     | Killed a hill giant
  9850 | D:12     | Found a staircase to the Orcish Mines.
  9911 | D:12     | Reached skill level 5 in Dodging
  9914 | D:12     | Reached ***** piety under Beogh
  9914 | D:12     | Reached skill level 10 in Fighting
 10231 | D:12     | Noticed a hill giant
 10237 | D:12     | Killed a hill giant
 10237 | D:12     | Reached XP level 12. HP: 63/106 MP: 13/13
 10266 | D:12     | Noticed a six-headed hydra
 10279 | D:12     | Killed a 13-headed hydra
 10288 | D:12     | Reached skill level 17 in Axes
 10728 | D:13     | Noticed Rupert
 10748 | D:13     | Killed Rupert
 10973 | D:13     | Noticed Aksej's ghost (journeyman DsGl)
 10988 | D:13     | Lost mutation: You have an increased reservoir of magic. (+10% MP) [potion of cure mutation]
 10988 | D:13     | Lost mutation: You are partially covered in slimy green scales. (AC +2) [potion of cure mutation]
 10988 | D:13     | Lost mutation: You are occasionally teleported next to monsters. [potion of cure mutation]
 10988 | D:13     | Lost mutation: You are dopey. (Int -2) [potion of cure mutation]
 11014 | D:13     | Killed Aksej's ghost
 11343 | D:13     | Noticed a soul eater
 11453 | D:13     | Noticed Maud
 11472 | D:13     | Killed Maud
 11472 | D:13     | Reached skill level 18 in Axes
 11625 | D:13     | Gained mutation: You have a pair of small antennae on your head. [mutagenic meat]
 12004 | D:14     | Noticed a yaktaur captain
 12004 | D:14     | Noticed a centaur warrior
 12004 | D:14     | Noticed a centaur warrior
 12004 | D:14     | Noticed an ettin
 12011 | D:14     | Killed a centaur warrior
 12011 | D:14     | Reached skill level 10 in Armour
 12015 | D:14     | Gained Morbeogh as an ally
 12016 | D:14     | Killed a centaur warrior
 12017 | D:14     | Your ally Morbeogh died
 12022 | D:14     | Killed an ettin
 12033 | D:14     | Reached XP level 13. HP: 47/116 MP: 10/13
 12034 | D:14     | Your ally Ugbert died
 12040 | D:14     | Killed a yaktaur captain
 12040 | D:14     | Reached skill level 19 in Axes
 12456 | D:14     | Gained mutation: Your magical capacity is low. (-10% MP) [mutagenic meat]
 12457 | D:14     | Gained mutation: You are frail. (-10% HP) [mutagenic meat]
 12458 | D:14     | Gained mutation: Your system is resistant to poisons. (rPois) [mutagenic meat]
 12519 | D:14     | Reached ****** piety under Beogh
 12701 | D:14     | Noticed Donald
 12718 | D:14     | Gained mutation: Your movements are slightly less encumbered by armour. (ER -2) [potion of mutation]
 12718 | D:14     | Gained mutation: Your spells are a little harder to cast, but a little more powerful. [potion of mutation]
 12718 | D:14     | Gained mutation: Your muscles are strong. (Str +2) [potion of mutation]
 12719 | D:14     | Lost mutation: You are frail. (-10% HP) [potion of mutation]
 12719 | D:14     | Gained mutation: Your movements are less encumbered by armour. (ER -4) [potion of mutation]
 12719 | D:14     | Lost mutation: Your spells are a little harder to cast, but a little more powerful. [potion of mutation]
 12736 | D:14     | Your ally Berold died
 13047 | D:14     | Reached skill level 20 in Axes
 13115 | D:14     | Killed Donald
 13295 | D:14     | Lost mutation: Your magical capacity is low. (-10% MP) [mutagenic meat]
 13296 | D:14     | Gained mutation: You are partially covered in yellow scales. (AC +2) [mutagenic meat]
 13307 | D:14     | Gained mutation: Scrolls take you a little longer to read. [mutagenic meat]
 13308 | D:14     | Lost mutation: Your muscles are strong. (Str +2) [mutagenic meat]
 13309 | D:14     | Gained mutation: You occasionally shout uncontrollably at your foes. [mutagenic meat]
 13310 | D:14     | Gained mutation: You are resistant to electric shocks. (rElec) [mutagenic meat]
 13311 | D:14     | Gained mutation: You are frail. (-10% HP) [mutagenic meat]
 13491 | D:14     | Found a gate to the Vaults.
 13866 | D:14     | Found a sacrificial altar of Ru.
 13906 | D:15     | Entered Level 15 of the Dungeon
 14089 | D:15     | Reached XP level 14. HP: 91/113 MP: 14/14
 14100 | D:15     | Noticed Nessos
 14129 | D:15     | Killed Nessos
 14129 | D:15     | Reached skill level 21 in Axes
 14275 | D:15     | Found a staircase to the Depths.
 14742 | D:15     | Found an iron altar of Okawaru.
 15145 | Orc:1    | Entered Level 1 of the Orcish Mines
 15168 | Orc:1    | Noticed Erica
 15177 | Orc:1    | Killed Erica
 15607 | Orc:2    | Entered Level 2 of the Orcish Mines
 15825 | Orc:2    | Found a staircase to the Elven Halls.
 15860 | Orc:2    | Found Jejurch Yczoi's Food Boutique.
 15860 | Orc:2    | Found Miwuanwa's Antique Weapon Shop.
 15863 | Orc:2    | Found Cupoas's Book Shop.
 15901 | Orc:2    | HP: 5/114 [orc priest (3)]
 15906 | Orc:2    | Killed from afar by an orc high priest

Vault maps used:
D:1:      shiori_arrival_maze, st_stairs_12
D:2:      gammafunk_pakellas_statue_experiment, uniq_terence
D:3:      nicolae_qazlal_style_of_elements, kennysheep_okawaru_gauntlet,
          uniq_crazy_yiuf_cottage, uniq_iyjb
D:4:      makhleb_heckhound_becter, kennysheep_mini, lemuel_crystal_altar,
          gammafunk_temple_overflow_elements, minmay_temple_entry_butterflies,
          portal_sewer_entry_b, uniq_blork_the_orc
D:5:      first_bread, serial_shops, shop_statue
D:6:      serial_shops, nicolae_shop_temple_entry_statues_fountains,
          nicolae_tso_swordbearing_angel
D:7:      overflow_temple_1_default
D:8:      kennysheep_mini_moat
D:9:      lair_0_dummy, serial_shops, nicolae_shop_trees
D:11:     serial_shops, nicolae_shop_statue_plus, uniq_josephine, uniq_snorg
D:12:     orc_0_dummy
D:13:     grunt_ogre_cave, uniq_maud, uniq_rupert
D:14:     regret_index_tunnel_blossom, david_vaults_3, nicolae_ru_path_of_blood
D:15:     hangedman_depths_entry_civil_slaughter, lemuel_tele_altar, uniq_nessos
Orc:1:    uniq_erica
Orc:2:    st_orc_mages, nicolae_orc_bridge_out
Sewer:    kennysheep_door_sewer

Skill      XL: |  1  2  3  4  5  6  7  8  9 10 11 12 13 14 |
---------------+-------------------------------------------+-----
Axes           | 3 4 5 6 8 10 12 15 16 18 20 21 | 21.6
Fighting       | 4 5 7 8 9 10 11 12 | 12.9
Dodging        | 1 2 3 5 6 |  6.8
Armour         | 4 5 6 7 8 9 10 | 10.9
Stealth        | 1 2 3 |  3.0
Shields        | |  3.2
Invocations    | |  0.6

Action                   |  1- 3 |  4- 6 |  7- 9 | 10-12 | 13-15 || total
-------------------------+-------+-------+-------+-------+-------++-------
Melee: War axe           |   128 |   240 |   333 |   466 |   489 ||  1656
       Kick              |       |       |    18 |       |       ||    18
Invok: Convert to Beogh  |       |     1 |       |       |       ||     1
       Recall Orcish Fol |       |       |       |     2 |     5 ||     7
       Smiting           |       |       |       |     1 |       ||     1
       Resurrection      |       |       |       |       |     1 ||     1
       Give Item to Name |       |       |       |       |     1 ||     1
  Use: Scroll            |     5 |     9 |     6 |    12 |     5 ||    37
       Potion            |     2 |     5 |     6 |     8 |     8 ||    29
 Stab: Distracted        |       |       |       |     3 |     4 ||     7
  Eat: Chunk             |     2 |     7 |    18 |    19 |    23 ||    69
       Fruit             |       |       |       |       |     1 ||     1
Armor: Scale mail        |    51 |       |       |       |       ||    51
       Chain mail        |    67 |   184 |   142 |       |       ||   393
       Ice dragon armour |       |       |    38 |   357 |   201 ||   596
Dodge: Dodged            |    65 |   106 |   150 |   305 |   329 ||   955
Block: Other             |       |       |       |       |    26 ||    26
       Reflection        |       |       |       |       |     1 ||     1
